 Dungeon Crawl Stone Soup version 0.19-a0-1051-gdb7e7f8 (webtiles) character file.

12520 HAL9000 the Carver (level 11, 0/101 HPs)
             Began as a Minotaur Fighter on Aug 1, 2016.
             Was an Initiate of Ru.
             Killed by vampiric draining
             ... invoked by a vampire
              (13 damage)
             ... on level 12 of the Dungeon on Aug 2, 2016.
             The game lasted 00:23:17 (10656 turns).

HAL9000 the Carver (Minotaur Fighter)              Turns: 10656, Time: 00:23:17

Health: 0/101      AC: 17    Str: 20    XL:     11   Next: 63%
Magic:  10/10      EV:  9    Int:  5    God:    Ru [......]
Gold:   319        SH: 13    Dex: 17    Spells: 0 memorised, 10 levels left

rFire  . . .     SeeInvis .     S - +0 scimitar
rCold  . . .     Gourm    .     b - +0 scale mail
rNeg   . . .     Faith    .     c - +0 shield
rPois  .         Spirit   .     (helmet restricted)
rElec  .         Dismiss  .     v - +2 cloak
rCorr  .         Reflect  .     Q - +1 pair of gloves {Dex+3}
SustAt .         Harm     .     (no boots)
MR     .....                    k - amulet of magic regeneration
Stlth  ..........               Z - +4 ring of slaying
                                w - +2 ring of protection

@: slowed, very slow, not resistant to hostile enchantments, extremely
unstealthy
A: retaliatory headbutt, horns 2
a: Renounce Religion


You were on level 12 of the Dungeon.
You worshipped Ru.
Ru was noncommittal.
You were not hungry.

You visited 2 branches of the dungeon, and saw 13 of its levels.

You collected 485 gold pieces.
You spent 166 gold pieces at shops.

Inventory:

Hand Weapons
 S - a +0 scimitar (weapon)
Missiles
 G - a throwing net (quivered)
Armour
 b - a +0 scale mail (worn)
 c - a +0 shield (worn)
 v - a +2 cloak (worn)
 Q - a +1 pair of gloves of dexterity (worn)
Jewellery
 k - an amulet of magic regeneration (around neck)
 n - an uncursed ring of protection from cold
 w - a +2 ring of protection (left hand)
 z - a +4 ring of strength
 E - an uncursed ring of protection from fire
 J - an uncursed ring of flight
 K - an uncursed ring of resist corrosion
 Z - a +4 ring of slaying (right hand)
Wands
 o - a wand of teleportation (5/9)
 q - a wand of flame (0/48)
 I - a wand of confusion (12/48)
 P - a wand of slowing (30/48)
 X - a wand of lightning (5/15)
 Y - a wand of paralysis (11/24)
Scrolls
 g - a scroll of recharging {unknown}
 j - 4 scrolls of remove curse
 m - 2 scrolls of immolation {unknown}
 x - 4 scrolls of teleportation {unknown}
 y - 2 scrolls of fog {unknown}
 A - 2 scrolls of blinking {unknown}
 B - a scroll of noise {unknown}
 C - 2 scrolls of enchant armour {unknown}
 D - a scroll of magic mapping {unknown}
 M - 2 scrolls of fear {unknown}
 R - a scroll of enchant weapon {unknown}
 W - 2 scrolls of amnesia {unknown}
Potions
 h - 3 potions of ambrosia
 r - a potion of curing
 s - 2 potions of berserk rage
 t - 4 potions of haste
 u - 3 potions of flight {unknown}
 L - a potion of resistance
 U - a potion of magic
 V - a potion of agility
Books
 e - a book of Party Tricks

   Spells                             Type                      Level
   a - Summon Butterflies             Summoning                    1
   b - Apportation                    Translocation                1
   c - Tukima's Dance                 Hexes                        3
   d - Alistair's Intoxication        Transmutation/Poison         5
   e - Invisibility                   Hexes                        6
 N - a book of Enchantments

   Spells                             Type                      Level
   a - Cause Fear                     Hexes                        4
   b - Yara's Violent Unravelling     Hexes/Transmutation          5
   c - Silence                        Hexes/Air                    5
   d - Deflect Missiles               Charms/Air                   6
   e - Haste                          Charms                       6
   f - Discord                        Hexes                        8
Miscellaneous
 H - a phial of floods
Comestibles
 f - 6 bread rations
 i - 11 meat rations
 l - a slice of pizza
 p - 2 beef jerkies
 F - 2 chunks of flesh
 T - 6 fruits


   Skills:
 + Level 10.8 Fighting
 * Level 13.1 Long Blades
 + Level 11.0 Armour
 + Level 11.2 Shields


You had 10 spell levels left.
You didn't know any spells.

Dungeon Overview and Level Annotations

Branches:
Dungeon (12/15)            Temple (1/1) D:7            Lair (0/6) D:9
    Orc: D:9-12

Altars:
Ashenzari
Cheibriados
Dithmenos
Elyvilon
Fedhas
Gozag
Hepliaklqana
Kikubaaqudgha
Makhleb
Nemelex Xobeh
Okawaru
Pakellas
Qazlal
Ru
Sif Muna
Trog
Uskayaw
Vehumet
Xom
Yredelemnul
Zin
The Shining One

Shops:
D:8 [   D:9 *

Portals:
Trove: D:10 (show abyssal rune of Zot)

Annotations:
D:6 exclusion: oklob plant


Innate Abilities, Weirdness & Mutations

You reflexively headbutt those who attack you in melee.
You have a pair of horns on your head.


Message History

You slash something! Something hits you but does no damage.
Something bites you.
* * * LOW HITPOINT WARNING * * *
Something draws strength from your injuries!
You hit something but do no damage. You headbutt something. Something hits you!
* * * LOW HITPOINT WARNING * * *
Something bites you but does no damage. Something hits you but does no damage.
Something bites you!
* * * LOW HITPOINT WARNING * * *
Something draws strength from your injuries!
You feel much better.
Unholy energy fills the air.
* * * LOW HITPOINT WARNING * * *
Unknown command.
You hit something but do no damage. You headbutt something.
Something hits you but does no damage. Something bites you but does no damage.
You slash something! Something hits you.
* * * LOW HITPOINT WARNING * * *
Something bites you but does no damage.
You hit something.
Unholy energy fills the air.
You die...

....<...# ........#
#.....<.... ..^.....+
#.........( ........#
#.......... ........#
#.......... ........#
#.......... ###'#####
#.......... #.# #.)){......
#.##### #@#### #.....#
#.(..# #####.# ####.#
######.## ####.######
#....†..#### #...........
...#####....####...........
#.##................
#.#######........... ..#
#...........


There were no monsters in sight!

Vanquished Creatures
  Nergalle (D:11)
  2 hill giants
  Pikel (D:5)
  The ghost of HAL9000 the Carver, a novice MiFi of Ru (D:6)
  A cyclops (D:10)
  2 ugly things
  Joseph (D:7)
  3 trolls
  A yak (D:7)
  A wraith (D:12)
  2 wyverns (D:8)
  2 hungry ghosts
  A soldier ant (D:7)
  2 water moccasins (D:9)
  4 ice beasts
  3 sky beasts
  A black bear (D:10)
  5 orc warriors
  2 phantoms
  6 ogres
  11 centaurs
  2 big kobolds (D:9)
  2 gnoll sergeants (D:9)
  8 giant frogs
  A water moccasin zombie (D:11)
  3 scorpions
  4 killer bees
  5 wights
  A howler monkey (D:6)
  8 crimson imps
  2 centaur zombies
  2 giant frog zombies
  6 orc priests
  2 centaur skeletons
  8 hounds
  4 jellies
  3 gnoll shamans (D:3)
  Crazy Yiuf (D:2)
  14 orc wizards
  A giant frog skeleton (D:9)
  Ijyb (D:2)
  5 iguanas
  10 worker ants
  A killer bee zombie (D:7)
  2 hound skeletons
  A hound zombie (D:7)
  A howler monkey zombie (D:7)
  A worker ant zombie (D:9)
  Robin (D:4)
  A howler monkey skeleton (D:9)
  9 adders
  32 gnolls
  5 shadow imps
  An ooze (D:2)
  2 adder zombies
  An adder skeleton (D:2)
  A worm (D:4)
  A dart slug (D:2)
  9 giant geckos
  55 orcs
  A bat zombie (D:2)
  6 giant cockroaches
  25 goblins
  6 hobgoblins
  34 jackals
  9 kobolds
  3 quokkas
  3 ball pythons
  6 bats
  2 giant gecko zombies (D:2)
  8 giant newts
  A quokka skeleton (D:10)
  6 rats
380 creatures vanquished.

Vanquished Creatures (others)
  A slave (D:5)
  A withered plant (D:2)
2 creatures vanquished.

Grand Total: 382 creatures vanquished

Notes
Turn   | Place    | Note
-------+----------+-------------------------------------------
     0 | D:1      | HAL9000 the Minotaur Fighter began the quest for the Orb.
     0 | D:1      | Reached XP level 1. HP: 19/19 MP: 0/0
   185 | D:1      | Reached XP level 2. HP: 26/26 MP: 1/1
   396 | D:1      | Reached skill level 3 in Long Blades
   584 | D:2      | Reached XP level 3. HP: 33/33 MP: 2/2
   796 | D:2      | Noticed Ijyb
   808 | D:2      | Killed Ijyb
  1077 | D:2      | Reached XP level 4. HP: 38/40 MP: 3/3
  1415 | D:2      | Found a runed door.
  1419 | D:2      | Noticed Crazy Yiuf
  1425 | D:2      | Killed Crazy Yiuf
  1425 | D:2      | Reached skill level 4 in Long Blades
  1683 | D:2      | Reached XP level 5. HP: 25/47 MP: 4/4
  2164 | D:3      | Reached skill level 5 in Shields
  2264 | D:3      | Found a faded altar of an unknown god.
  2613 | D:3      | Noticed an ogre
  2645 | D:3      | Reached XP level 6. HP: 47/55 MP: 5/5
  2647 | D:3      | Reached skill level 5 in Fighting
  2654 | D:3      | Reached skill level 5 in Armour
  2665 | D:3      | Reached skill level 5 in Long Blades
  2738 | D:3      | Reached XP level 7. HP: 30/61 MP: 6/6
  3869 | D:4      | Noticed Robin
  3899 | D:4      | Reached skill level 6 in Long Blades
  3914 | D:4      | Killed Robin
  4344 | D:5      | Entered Level 5 of the Dungeon
  4522 | D:5      | Reached XP level 8. HP: 35/71 MP: 7/7
  4958 | D:5      | Noticed Pikel
  4970 | D:5      | Killed Pikel
  4970 | D:5      | Reached skill level 7 in Long Blades
  5170 | D:6      | Reached XP level 9. HP: 51/80 MP: 8/8
  5508 | D:6      | Noticed HAL9000's ghost (novice MiFi)
  5531 | D:6      | Killed HAL9000's ghost
  5531 | D:6      | Reached skill level 8 in Long Blades
  5571 | D:6      | Noticed an oklob plant
  5876 | D:7      | Noticed Joseph
  5907 | D:7      | Killed Joseph
  5907 | D:7      | Reached skill level 9 in Long Blades
  6073 | D:7      | Found a sparkling altar of Nemelex Xobeh.
  6126 | D:7      | Found a staircase to the Ecumenical Temple.
  6236 | Temple   | Entered the Ecumenical Temple
  6308 | Temple   | Became a worshipper of Ru the Awakened
  6350 | D:7      | Reached skill level 10 in Long Blades
  6573 | D:7      | Noticed a hill giant
  6574 | D:7      | Noticed a brown ugly thing
  6588 | D:7      | Killed a hill giant
  6588 | D:7      | Reached XP level 10. HP: 64/91 MP: 9/9
  6593 | D:7      | Killed a brown ugly thing
  6667 | D:7      | HP: 4/91 [orc warrior/flail (5)]
  7052 | D:8      | Found Uguatheni's Antique Armour Shop.
  7061 | D:8      | Bought a pair of glowing gloves for 166 gold pieces
  7240 | D:8      | Reached skill level 11 in Long Blades
  7561 | D:9      | Found Keytam's General Store.
  7591 | D:9      | Found a staircase to the Lair.
  7775 | D:9      | Reached skill level 10 in Shields
  7835 | D:9      | Reached skill level 10 in Armour
  8008 | D:9      | Reached skill level 10 in Fighting
  8200 | D:9      | Reached XP level 11. HP: 83/99 MP: 10/10
  8219 | D:9      | Reached skill level 12 in Long Blades
  8546 | D:10     | Entered Level 10 of the Dungeon
  8812 | D:10     | Found a portal to a secret trove of treasure.
  9157 | D:10     | Noticed a hill giant
  9164 | D:10     | Killed a hill giant
  9397 | D:11     | Noticed a brown ugly thing
  9407 | D:11     | Killed a brown ugly thing
  9639 | D:11     | Noticed Nergalle
  9655 | D:11     | Killed Nergalle
 10640 | D:12     | Reached skill level 13 in Long Blades
 10652 | D:12     | HP: 1/101 [something (8)]
 10656 | D:12     | Killed from afar by a vampire

Vault maps used:
D:1:      lightli_arrival_farm
D:2:      serial_undead, serial_undead_f, serial_undead_e, serial_undead_a,
          serial_undead_a, uniq_crazy_yiuf_cottage, uniq_iyjb
D:3:      lemuel_castle_with_subvaults, ecumenical_altar_2, first_bread
D:4:      kennysheep_goblin_castle
D:5:      portal_sewer_entry_d, uniq_pikel
D:6:      lemuel_oklob_altar
D:7:      minmay_blocky_corners, nemelex_altar_shiori, uniq_joseph
D:8:      serial_shops, shop
D:9:      minmay_quarter_circles, dpeg_oklobed_lair, serial_shops,
          shop_fountains
D:10:     enter_trove_1
D:11:     serial_glass, glass_columns_a, glass_columns_b, glass_columns_a,
          glass_columns_a, glass_columns_c, glass_columns_a,
          wad_floor_pattern_untrapped, uniq_nergalle
D:12:     kennysheep_orc_monster_closet_entryway, hangedman_fish_farm
Temple:   dpeg_three_leaves_temple

Skill      XL: |  1  2  3  4  5  6  7  8  9 10 11 |
---------------+----------------------------------+-----
Long Blades    | 3 4 5 6 7 10 11 13 | 13.1
Armour         | 4 5 6 7 9 10 11 | 11.0
Shields        | 4 5 6 8 9 10 11 | 11.2
Fighting       | 4 5 6 7 9 10 | 10.8

Action                   |  1- 3 |  4- 6 |  7- 9 | 10-12 || total
-------------------------+-------+-------+-------+-------++-------
Melee: Long sword        |   102 |   216 |   384 |       ||   702
       Headbutt          |    15 |    56 |    73 |   124 ||   268
       Scimitar          |       |       |    23 |   413 ||   436
Throw: Throwing net      |       |       |     1 |       ||     1
Invok: Reject Sacrifices |       |       |       |     1 ||     1
Evoke: Wand              |       |     2 |     7 |       ||     9
  Use: Scroll            |     2 |     3 |     4 |     3 ||    12
       Potion            |       |       |     4 |     2 ||     6
  Eat: Chunk             |     1 |     5 |    11 |    17 ||    34
       Royal jelly       |       |       |     1 |       ||     1
       Fruit             |       |       |       |     1 ||     1
Armor: Scale mail        |    41 |    81 |   155 |   130 ||   407
Dodge: Dodged            |    23 |    89 |   103 |    87 ||   302
Block: Shield            |    53 |   119 |   211 |   157 ||   540
